 Dungeon Crawl Stone Soup version 0.31-a0-145-g046c7d2549 (webtiles) character file.

Game seed: 10891026118935310003

42 mopl the Vexing (level 3, -2/26 HPs)
             Began as a Draconian Enchanter on June 5, 2023.
             Succumbed to a kobold's poison
             ... on level 2 of the Dungeon.
             The game lasted 00:01:19 (570 turns).

mopl the Vexing (Draconian Enchanter)                Turns: 570, Time: 00:01:19

Health: -2/26      AC:  5    Str: 10    XL:     3   Next: 33%
Magic:  1/6        EV: 12    Int: 17    God:
Gold:   48         SH:  0    Dex: 11    Spells: 2/7 levels left

rFire   . . .        a - +1 dagger
rCold   . . .        (no shield)
rNeg    . . .        (body armour unavailable)
rPois   .            (helmet restricted)
rElec   .            (no cloak)
rCorr   .            (no gloves)
SInv    .            (no boots)
Will    .....        (no amulet)
Stlth   ++           (no ring)
HPRegen 0.24/turn    (no ring)
MPRegen 0.10/turn

%: no passive effects
@: lethally poisoned (-2 -> -17), hasted, very quick
A: AC +5, unfitting armour, cold-blooded
a: no special abilities


You were on level 2 of the Dungeon.
You visited 1 branch of the dungeon, and saw 2 of its levels.

You collected 48 gold pieces.

Inventory:

Hand Weapons
 a - a +1 dagger (weapon)
Scrolls
 c - a scroll of blinking {unknown}
 g - a scroll of enchant armour {unknown}
 h - 2 scrolls of identify {unknown}
 i - a scroll of magic mapping {unknown}
 j - a scroll of enchant weapon {unknown}
Potions
 b - 2 potions of invisibility
 e - a potion of magic {unknown}
 f - a potion of ambrosia {unknown}
 k - a potion of mutation {unknown}


   Skills:
 + Level 1.5 Short Blades
 - Level 1.7 Dodging
 + Level 3.0 Stealth
 * Level 2.6 Spellcasting
 * Level 3.2 Hexes


You had 2 spell levels left.
You knew the following spells:

 Your Spells              Type           Power      Damage    Failure   Level
b - Ensorcelled Hibernat  Hex/Ice        14%        N/A       14%         2
c - Confusing Touch       Hex            13%        N/A       14%         3

Your spell library contained the following spells:

 Spells                   Type           Power      Damage    Failure   Level
 Tukima's Dance           Hex            13%        N/A       14%         3
 Dazzling Flash           Conj/Hex       14%        N/A       28%         3


Dungeon Overview and Level Annotations

Branches:
Dungeon (2/15)

Altars:


Innate Abilities, Weirdness & Mutations

Your plain brown scales are hard. (AC +5)
You cannot fit into any form of body armour.
You are cold-blooded and may be slowed by cold attacks.


Message History

The kobold is severely wounded.
You feel sick. The kobold hits you but does no damage.
You are more poisoned.
You closely miss the kobold.
Your tail-slap misses the kobold.
The kobold is severely wounded.
You feel sick.
The kobold hits you with a +0 short sword of venom.
You are lethally poisoned!
You closely miss the kobold.
The kobold is severely wounded.
You feel very sick.
The kobold hits you with a +0 short sword of venom.
You are too injured to fight recklessly!
You are too injured to fight recklessly!
You are too injured to fight recklessly!
You are too injured to fight recklessly!
You are too injured to fight recklessly!
You are too injured to fight recklessly!
You are too injured to fight recklessly!
Casting: Ensorcelled Hibernation (safe; 14% risk of failure)
Confirm with . or Enter, or press ? or * to list all spells.
Aiming: Ensorcelled Hibernation (safe; 14% risk of failure)
Press: ? - help, Shift-Dir - straight line, f - kobold
Aim: a kobold, wielding a +0 short sword of venom and quivering stones (severely wounded, chance to affect: 58%)
The kobold resists with significant effort.
* * * LOW HITPOINT WARNING * * *
You feel very sick. The kobold hits you but does no damage.
You are more poisoned.
Casting: Ensorcelled Hibernation (safe; 14% risk of failure)
Confirm with . or Enter, or press ? or * to list all spells.
Aiming: Ensorcelled Hibernation (safe; 14% risk of failure)
Press: ? - help, Shift-Dir - straight line, f/p - kobold
Aim: a kobold, wielding a +0 short sword of venom and quivering stones (severely wounded, chance to affect: 58%)
The kobold resists with significant effort.
* * * LOW HITPOINT WARNING * * *
You feel very sick. The kobold closely misses you.
It was a potion of haste.
You feel yourself speed up.
You die...

... #.#.###. #..
######## #..##. ####..#
#......#.##.##.
.......###.####.#.......
#....##.####.####.###
#....##.).........#
####.##.##.#..#####
#K##.##.#..#
#@.........#
####.#####.# #.......#
#########


You could see a kobold.

Vanquished Creatures
  An adder (D:2)
  3 dart slugs (D:1)
  3 hobgoblins
  4 jackals (D:1)
  A quokka (D:1)
  3 ball pythons
  2 bats (D:1)
  A frilled lizard (D:1)
  A goblin (D:1)
  3 kobolds (D:1)
  7 rats (D:1)
29 creatures vanquished.

Notes
Turn   | Place    | Note
-------+----------+-------------------------------------------
     0 | D:1      | mopl the Draconian Enchanter began the quest for the Orb.
     0 | D:1      | Reached XP level 1. HP: 14/14 MP: 3/3
   136 | D:1      | Reached XP level 2. HP: 20/20 MP: 5/5
   143 | D:1      | Learned a level 2 spell: Ensorcelled Hibernation
   258 | D:1      | Reached skill level 3 in Hexes
   405 | D:1      | Reached XP level 3. HP: 26/26 MP: 6/6
   409 | D:1      | Learned a level 3 spell: Confusing Touch
   558 | D:2      | Reached skill level 3 in Stealth
   570 | D:2      | Succumbed to a kobold's poison

Illustrated notes

Levels and vault maps discovered:
D:1:      minmay_arrival_open_corners, layout_rooms
D:2:      layout_loops_cross, ebering_ecumenical_altar_ruins, uniq_jessica

Skill      XL: |  1  2  3 |
---------------+----------+-----
Hexes          | 3 |  3.2
Stealth        | 3 |  3.0
Short Blades   | |  1.5
Dodging        | |  1.7
Spellcasting   | |  2.6

Action                     || total
---------------------------++-------
  Melee: Dagger            ||    94
         Tailslap          ||    10
         Punch             ||     1
   Cast: Ensorcelled Hiber ||     3
    Use: Potion            ||     1
   Stab: Sleeping          ||     4
 Armour: Skin              ||    32
  Dodge: Dodged            ||    51

Table legend: (Time is in decaauts)
 A = Elapsed time spent in this place.
 B = Non-inter-level travel time spent in this place.
 C = Inter-level travel time spent in this place.
 D = Time resting spent in this place.
 E = Time spent auto-exploring this place.
 F = Levels seen in this place.
 G = Mean time per level.
                   A        B        C        D        E       F      G
               +--------+--------+--------+--------+--------+-----+--------+
         Total |    563 |    549 |     14 |     52 |    290 |   2 |  281.5 |
       Dungeon |    563 |    549 |     14 |     52 |    290 |   2 |  281.5 |
               +--------+--------+--------+--------+--------+-----+--------+

Top non-repeatable levels by time:
     D:1: 460 daAuts
     D:2: 103 daAuts
